 Dungeon Crawl Stone Soup version 0.31-a0-145-g046c7d2549 (webtiles) character file.

Game seed: 3002027765068542092

15957 MacCMillion the Zephyrmancer (level 12, 0/79 HPs)
             Began as a Tengu Summoner on June 5, 2023.
             Was an Initiate of Gozag.
             Slain by a cane toad (8 damage)
             ... while petrified by a basilisk
             ... on level 1 of the Lair of Beasts.
             The game lasted 01:00:33 (14429 turns).

MacCMillion the Zephyrmancer (Tengu Summoner)      Turns: 14429, Time: 01:00:33

Health: 0/79       AC:  9    Str:  8    XL:     12   Next: 32%
Magic:  10/22      EV:  2    Int: 20    God:    Gozag
Gold:   2643       SH:  0    Dex: 16    Spells: 10/23 levels left

rFire   . . .        B - +2 dagger (venom)
rCold   + . .        (no shield)
rNeg    + + +        v - +4 ring mail {rC+}
rPois   ∞            (helmet restricted)
rElec   .            (no cloak)
rCorr   .            (no gloves)
SInv    .            (boots unavailable)
Will    .....        (no amulet)
Stlth   ++           r - ring of wizardry
HPRegen 0.33/turn    C - +4 ring of slaying
MPRegen 0.18/turn

%: wizardry (x1)
@: lethally poisoned (0 -> 0), petrified, gold aura, flying quickly and
evasively, quick
A: beak, talons 3, nimble flight
a: Renounce Religion, Potion Petition, Call Merchant, Bribe Branch


You were on level 1 of the Lair of Beasts.
You worshipped Gozag.
Gozag was most pleased with you.
You visited 3 branches of the dungeon, and saw 13 of its levels.
You also visited: Bailey.

You collected 2813 gold pieces.
You spent 112 gold pieces at shops.
You paid 58 gold pieces to Gozag.

Inventory:

Hand Weapons
 e - a +0 long sword
 h - a +0 dagger
 B - a +2 dagger of venom (weapon)
Missiles
 c - 5 atropa-tipped darts
 y - 4 throwing nets
Armour
 a - a +0 robe
 v - a +4 ring mail of cold resistance (worn)
 x - a +0 pair of gloves of infusion
Jewellery
 g - a ring of positive energy
 r - a ring of wizardry (left hand)
 C - a +4 ring of slaying (right hand)
 F - an amulet of guardian spirit
 J - a ring of ice
 O - a +4 ring of slaying
Wands
 A - a wand of paralysis (7)
 H - a wand of flame (12)
 R - a wand of roots (6)
Scrolls
 i - 3 scrolls of blinking
 j - a scroll of fear {unknown}
 m - 4 scrolls of teleportation
 n - 2 scrolls of poison {unknown}
 t - 3 scrolls of enchant weapon {unknown}
 u - 3 scrolls of magic mapping {unknown}
 z - 2 scrolls of fog {unknown}
 E - 2 scrolls of enchant armour {unknown}
 G - a scroll of silence {unknown}
 K - a scroll of brand weapon {unknown}
 M - 2 scrolls of identify {unknown}
 N - a scroll of amnesia {unknown}
 P - a scroll of noise {unknown}
 Q - a scroll of vulnerability {unknown}
Potions
 b - 2 potions of magic
 d - a potion of mutation {unknown}
 f - 6 potions of lignification
 k - 4 potions of might {unknown}
 l - 2 potions of resistance {unknown}
 o - 3 potions of invisibility {unknown}
 p - 3 potions of attraction {unknown}
 q - 2 potions of cancellation {unknown}
 s - a potion of haste {unknown}
 w - 2 potions of degeneration {unknown}
 D - 4 potions of heal wounds
 I - a potion of brilliance {unknown}
 L - a potion of experience


   Skills:
 + Level 10.6 Fighting
 + Level 5.5 Short Blades
 + Level 3.9 Armour
 + Level 8.9 Dodging
 - Level 4.0 Stealth
 + Level 6.0 Spellcasting
 + Level 10.6 Summonings
 - Level 10.6 Air Magic


You had 10 spell levels left.
You knew the following spells:

 Your Spells              Type           Power      Damage    Failure   Level
a - Summon Small Mammal   Summ           100%       N/A       1%          1
b - Call Canine Familiar  Summ           48%        N/A       1%          3
c - Call Imp              Summ           96%        N/A       1%          2
d - Summon Lightning Spi  Summ/Air       48%        N/A       1%          4
e - Swiftness             Air            48%        N/A       1%          3

Your spell library contained the following spells:

 Spells                   Type           Power      Damage    Failure   Level
 Shock                    Conj/Air       100%       1d9       1%          1
 Airstrike                Air            24%        2d(4-20)  1%          4
 Summon Guardian Golem    Hex/Summ       27%        N/A       4%          3
 Apportation              Tloc           12%        N/A       12%         1
 Slow                     Hex            24%        N/A       12%         1
 Ensorcelled Hibernation  Hex/Ice        12%        N/A       17%         2
 Lesser Beckoning         Tloc           12%        N/A       17%         2
 Confusing Touch          Hex            6%         N/A       32%         3
 Gell's Gravitas          Tloc           6%         N/A       32%         3
 Spider Form              Tmut/Pois      6%         N/A       32%         3
 Teleport Other           Tloc           6%         N/A       32%         3
 Vampiric Draining        Necr           6%         2d6       32%         3
 Volatile Blastmotes      Fire/Tloc      12%        2d11      32%         3
 Anguish                  Hex/Necr       3%         N/A       71%         4
 Fulminant Prism          Conj/Hex       3%         3d5       71%         4
 Iskenderun's Mystic Bla  Conj/Tloc      6%         2d4       71%         4
 Alistair's Intoxication  Tmut/Pois      4%         N/A       95%         5
 Borgnjor's Vile Clutch   Necr/Erth      3%         N/A       95%         5
 Lee's Rapid Deconstruct  Erth           3%         3d5*      95%         5
 Death Channel            Necr           3%         N/A       100%        6
 Animate Dead             Necr           Unusable   N/A       N/A         4

Dungeon Overview and Level Annotations

Branches:
Dungeon (11/15)            Temple (1/1) D:4            Lair (1/5) D:11
 Bailey (visited)
    Orc: D:9-12

Altars:
Ashenzari
Cheibriados
Dithmenos
Elyvilon
Fedhas
Gozag
Hepliaklqana
Kikubaaqudgha
Makhleb
Nemelex Xobeh
Okawaru
Qazlal
Ru
Sif Muna
Trog
Uskayaw
Vehumet
Wu Jian
Xom
Yredelemnul
Zin
The Shining One

Shops:
D:1 !   D:5 [

Annotations:
D:3 3 runed translucent doors, Wrongfellow's ghost, amateur MfIE
D:4 2 transporters, PirateVox's ghost, amateur SpHu
D:9 2 transporters, Erica; PirateVox's ghost, novice TrMo


Innate Abilities, Weirdness & Mutations

You have a beak for a mouth.
You have claws for feet.
Your magical nature lets you fly swiftly and evasively.


Message History

You feel very sick.
The wolf is no longer distracted by gold.
The wolf bites your lightning spire but does no damage.
Your wolf bites the wolf!
The wolf closely misses your wolf.
Your lightning spire shoots out a bolt of lightning at the wolf!
The bolt of electricity hits the wolf! x2
The bolt of electricity hits the polar bear.
The bolt of electricity hits the wolf!
The wolf dies!
The bolt of electricity hits your wolf!
The wolf barely misses your lightning spire.
Your wolf bites the polar bear.
The water moccasin bites you but does no damage.
The wolf bites your lightning spire but does no damage.
The polar bear bites your wolf!
Your wolf dies!
Your wolf's corpse disappears in a puff of smoke!
You have turned to stone.
Your lightning spire disappears in a puff of smoke!
The water moccasin bites you. The basilisk bites you!
The wolf is distracted by your dazzling golden aura.
The water moccasin bites you! The water moccasin bites you.
The basilisk bites you. The polar bear bites you!
* * * LOW HITPOINT WARNING * * *
The polar bear claws you but does no damage. x2
The water moccasin bites you.
* * * LOW HITPOINT WARNING * * *
The basilisk bites you!
* * * LOW HITPOINT WARNING * * *
The polar bear bites you. The polar bear claws you.
The polar bear claws you but does no damage.
The cane toad stings you!
* * * LOW HITPOINT WARNING * * *
The wolf is no longer distracted by gold.
The water moccasin bites you.
* * * LOW HITPOINT WARNING * * *
The wolf is distracted by your dazzling golden aura.
The cane toad stings you!
You die...
Your body crumbles into a pile of gold.

#### .......... ##..#
####.$§...... #..)####
#..#.§....... ##.....P###
#....§.§..... #.........#####
#..........$.
......#...##..###..h.....#...
..........P#.#..#h...........
................hS...#.......
................@l...........
.................F...........
.................#...........
............#.........#.....
.........................#
......................P...
#.....................###
#.............#........
##.#.....


You could see a polar bear, a cane toad, a basilisk, a water moccasin and 2
wolves.

Vanquished Creatures
  A two-headed ogre (D:9)
  A manticore (D:11)
  Joseph (D:7)
  A wyvern (D:10)
  3 yaks
  Eustachio (D:5)
  4 orc warriors
  An ice beast (D:5)
  A centaur (D:10)
  A phantom (D:7)
  2 lemures (D:5)
  2 bullfrogs (Lair:1)
  2 wights (D:10)
  3 killer bees
  5 howler monkeys
  A hound (D:7)
  2 orc priests
  A gnoll bouda (D:5)
  2 orc wizards
  2 gnolls
  2 river rats (D:6)
  A white imp (D:7)
  A worm (D:6)
  2 dart slugs
  13 orcs
  A ball python (D:2)
  2 giant cockroaches
  4 goblins
  4 hobgoblins
  A jackal (D:3)
  6 kobolds
  A quokka (D:4)
  A bat (D:3)
  A frilled lizard (D:3)
  3 rats
80 creatures vanquished.

Vanquished Creatures (collateral kills)
  An orc warlord (Bailey)
  A two-headed ogre (D:10)
  Amaemon (Lair:1)
  Pikel (D:5)
  3 orc knights (Bailey)
  A manticore (D:11)
  An orange demon (Lair:1)
  A cane toad (Lair:1)
  A komodo dragon (D:11)
  A polar bear (Lair:1)
  A troll (D:11)
  A hornet (D:7)
  18 yaks
  A water moccasin (D:6)
  A sky beast (D:7)
  A black bear (D:5)
  12 orc warriors
  An ogre (D:7)
  2 wolves (Lair:1)
  An ice beast (D:8)
  2 centaurs (D:6)
  3 phantoms
  5 kobold brigands
  2 scorpions
  2 bullfrogs (Lair:1)
  2 gnoll sergeants
  3 wights (D:10)
  11 killer bees
  A howler monkey (D:7)
  7 orc priests
  2 hounds
  A jelly (D:6)
  Terence (D:3)
  A sleepcap (D:7)
  8 orc wizards
  11 gnolls
  10 adders
  3 river rats (D:6)
  A shadow imp (D:6)
  2 white imps
  2 worms
  A dart slug (D:4)
  58 orcs
  2 bats
  4 endoplasms
  A giant cockroach (D:2)
  17 goblins
  9 hobgoblins
  3 jackals (D:3)
  4 quokkas
  4 ball pythons
  A frilled lizard (D:1)
  25 kobolds
  6 rats
266 creatures vanquished.

Vanquished Creatures (others)
  A human (D:3)
1 creature vanquished.

Grand Total: 347 creatures vanquished

Notes
Turn   | Place    | Note
-------+----------+-------------------------------------------
     0 | D:1      | MacCMillion the Tengu Summoner began the quest for the Orb.
     0 | D:1      | Reached XP level 1. HP: 10/10 MP: 4/4
    37 | D:1      | Found Xeanteink's Distillery.
   187 | D:1      | Reached skill level 5 in Summonings
   258 | D:1      | Reached XP level 2. HP: 15/15 MP: 3/6
   673 | D:2      | Found a faded altar of an unknown god.
   784 | D:2      | Reached XP level 3. HP: 19/19 MP: 6/8
   788 | D:2      | Learned a level 2 spell: Call Imp
   792 | D:2      | Learned a level 3 spell: Call Canine Familiar
  1471 | D:3      | Found a runed translucent gate.
  1471 | D:3      | Found a runed translucent gate.
  1508 | D:3      | Noticed Terence
  1541 | D:3      | Killed Terence
  1542 | D:3      | Reached XP level 4. HP: 12/24 MP: 1/9
  1671 | D:3      | Found a shimmering blue altar of Sif Muna.
  1921 | D:3      | Found an ancient bone altar of Kikubaaqudgha.
  1921 | D:3      | Noticed a human
  1924 | D:3      | Killed a human
  2046 | D:3      | Found a runed translucent gate.
  2047 | D:3      | Noticed Wrongfellow's ghost (amateur MfIE)
  2127 | D:4      | Reached skill level 1 in Fighting
  2175 | D:4      | Noticed a phantom
  2180 | D:4      | Gained mutation: Your magical nature lets you fly swiftly
                  | and evasively. [Tengu growth]
  2180 | D:4      | Reached XP level 5. HP: 30/30 MP: 4/10
  2255 | D:4      | Killed a phantom
  2256 | D:4      | Reached XP level 6. HP: 12/38 MP: 6/11
  2620 | D:4      | Found a burning altar of Makhleb.
  2722 | D:4      | Found a staircase to the Ecumenical Temple.
  2727 | Temple   | Entered the Ecumenical Temple
  2848 | Temple   | Became a worshipper of Gozag Ym Sagoz the Greedy
  3082 | D:4      | Found a transporter.
  3083 | D:4      | Noticed PirateVox's ghost (amateur SpHu)
  3085 | D:4      | Found a transporter.
  3126 | D:5      | Entered Level 5 of the Dungeon
  3200 | D:5      | Found Qeagg's Antique Armour Boutique.
  3206 | D:5      | Bought a pair of glowing gloves for 112 gold pieces
  3576 | D:5      | Reached XP level 7. HP: 44/44 MP: 7/12
  3641 | D:5      | Reached skill level 5 in Fighting
  4323 | D:5      | Noticed Eustachio
  4434 | D:5      | Killed Eustachio
  4435 | D:5      | Reached XP level 8. HP: 42/49 MP: 9/14
  4601 | D:5      | Reached skill level 5 in Dodging
  4685 | D:5      | Noticed Pikel
  4730 | D:5      | Killed Pikel
  5228 | D:5      | Found a white marble altar of Elyvilon.
  5302 | D:6      | Found a blossoming altar of Fedhas.
  5537 | D:6      | Reached XP level 9. HP: 48/54 MP: 11/17
  5684 | D:6      | Learned a level 4 spell: Summon Lightning Spire
  5799 | D:6      | Found a hazy altar of Hepliaklqana.
  5930 | D:6      | Reached skill level 5 in Spellcasting
  7152 | D:7      | Found an iron altar of Okawaru.
  7174 | D:7      | Reached skill level 1 in Air Magic
  7400 | D:7      | Reached skill level 10 in Summonings
  7433 | D:7      | Noticed Joseph
  7450 | D:7      | Killed Joseph
  7451 | D:7      | Reached skill level 5 in Air Magic
  7911 | D:7      | Found Zomiugh's Jewellery Emporium.
  8028 | D:7      | Reached XP level 10. HP: 51/59 MP: 18/18
  8271 | D:7      | Found a glowing silver altar of Zin.
  8546 | D:7      | Reached skill level 1 in Short Blades
  9073 | D:8      | Found a radiant altar of Vehumet.
  9162 | D:8      | Found a shadowy altar of Dithmenos.
  9355 | D:8      | Found a basalt altar of Yredelemnul.
  9451 | D:9      | Noticed a two-headed ogre
  9461 | D:9      | Killed a two-headed ogre
  9496 | D:9      | Reached XP level 11. HP: 52/68 MP: 1/19
  9641 | D:9      | Found a flagged portal.
  9660 | Bailey   | Entered a bailey
  9710 | Bailey   | Noticed an orc knight
  9725 | Bailey   | Killed an orc knight
 10175 | Bailey   | Noticed an orc knight
 10195 | Bailey   | Killed an orc knight
 10196 | Bailey   | Reached skill level 10 in Air Magic
 10467 | Bailey   | Noticed an orc knight
 10471 | Bailey   | Noticed an orc warlord
 10513 | Bailey   | Killed an orc warlord
 10538 | Bailey   | Killed an orc knight
 10732 | Bailey   | Learned a level 3 spell: Swiftness
 11063 | D:9      | Noticed PirateVox's ghost (novice TrMo)
 11064 | D:9      | Found a transporter.
 11065 | D:9      | Noticed a deep elf pyromancer
 11066 | D:9      | Noticed a tengu warrior
 11088 | D:9      | Reached skill level 10 in Fighting
 11291 | D:9      | Found a transporter.
 11297 | D:9      | Noticed Erica
 11327 | D:9      | Reached skill level 1 in Armour
 11809 | D:10     | Entered Level 10 of the Dungeon
 12049 | D:10     | Noticed a two-headed ogre
 12065 | D:10     | Killed a two-headed ogre
 12808 | D:10     | Found a sacrificial altar of Ru.
 12981 | D:11     | Noticed a manticore
 12991 | D:11     | Killed a manticore
 13081 | D:11     | Found a staircase to the Lair.
 13408 | D:11     | Reached XP level 12. HP: 78/78 MP: 6/21
 13576 | D:11     | Reached skill level 5 in Short Blades
 14006 | Lair:1   | Entered Level 1 of the Lair of Beasts
 14285 | Lair:1   | Noticed Amaemon
 14309 | Lair:1   | Killed Amaemon
 14429 | Lair:1   | Slain by a cane toad

Illustrated notes

Levels and vault maps discovered:
D:1:      lemuel_arrival_cross, layout_rooms, serial_shops, shop
D:2:      layout_basic, hellmonk_ecumenical_altar_pennies_from_heaven
D:3:      layout_basic, nicolae_overflow_crystal_walls, tgw_kikubaaqudgha,
          ebering_ghost_rock_garden, serial_bayou_pond_b, uniq_terence
D:4:      layout_cave_pools, lemuel_doored_altar,
          minmay_temple_entry_nine_rooms, gammafunk_ghost_smash,
          minmay_misc_feat_rows, minmay_misc_feat_cross
D:5:      wad_crossroads, layout_basic, nicolae_overflow_hidden_temple,
          serial_shops, nicolae_shop_tiny_waterfront,
          dreamdust_mushroom_princess, uniq_pikel, uniq_eustachio
D:6:      layout_loops_ring, fedhas_bush_and_centaur_altar,
          general_overflow_altar, lightli_sewer_entry_pipes, nicolae_sextant,
          amcnicky_mini_pool_small, nrook_pool_corridor
D:7:      layout_basic, kennysheep_mini_moat, lemuel_tele_altar, serial_shops,
          nicolae_shop_statue_plus, uniq_joseph
D:8:      layout_rooms, mainiacjoe_overflow_brackets, vehumet_altar_wand_db,
          mainiacjoe_overflow_alcove_4, hangedman_decor_lopped
D:9:      layout_rooms, david_orc_5, gammafunk_ghost_arena, enter_bailey_4,
          st_stairs_5, uniq_erica
D:10:     layout_basic, lemuel_round_altar
D:11:     layout_cave_pods, lair_entry_dummy
Temple:   hellmonk_temple_beads
Lair:1:   layout_cave_shapes, uniq_amaemon

Skill      XL: |  1  2  3  4  5  6  7  8  9 10 11 12 |
---------------+-------------------------------------+-----
Summonings     | 5 6 7 8 10 | 10.6
Spellcasting   | 3 4 5 6 |  6.0
Fighting       | 2 3 4 5 8 10 | 10.6
Dodging        | 4 7 8 |  8.9
Air Magic      | 7 9 10 | 10.6
Stealth        | 4 |  4.0
Short Blades   | 4 5 |  5.5
Armour         | 2 3 |  3.9

Action                     |  1- 3 |  4- 6 |  7- 9 | 10-12 || total
---------------------------+-------+-------+-------+-------++-------
  Melee: Unarmed           |     4 |       |       |       ||     4
         Kick              |     8 |     9 |    66 |    43 ||   126
         Dagger            |    23 |    30 |   172 |   118 ||   343
         Long sword        |     3 |       |       |       ||     3
         Peck              |     4 |     3 |    50 |    30 ||    87
         Punch             |       |       |     4 |     2 ||     6
  Throw: Dart              |       |       |     5 |       ||     5
   Cast: Summon Small Mamm |    34 |     4 |     2 |       ||    40
         Call Canine Famil |     7 |    20 |    54 |    55 ||   136
         Call Imp          |     6 |    12 |    29 |    13 ||    60
         Summon Lightning  |       |       |     3 |    53 ||    56
    Use: Scroll            |       |       |     1 |     1 ||     2
         Potion            |       |       |     1 |     1 ||     2
   Stab: Distracted        |     1 |       |     5 |     7 ||    13
         Sleeping          |       |     4 |     1 |     1 ||     6
 Armour: Robe              |     8 |     2 |       |       ||    10
         Ring mail         |       |    11 |    81 |    52 ||   144
         Skin              |       |       |     1 |       ||     1
  Dodge: Dodged            |    26 |    29 |   156 |   112 ||   323

Table legend: (Time is in decaauts)
 A = Elapsed time spent in this place.
 B = Non-inter-level travel time spent in this place.
 C = Inter-level travel time spent in this place.
 D = Time resting spent in this place.
 E = Time spent auto-exploring this place.
 F = Levels seen in this place.
 G = Mean time per level.
                   A        B        C        D        E       F      G
               +--------+--------+--------+--------+--------+-----+--------+
         Total |  13805 |  13262 |    543 |   2947 |   6516 |  14 |  986.1 |
       Dungeon |  12206 |  11691 |    515 |   2217 |   6165 |  11 | 1109.6 |
        Temple |    137 |    109 |     28 |      0 |     79 |   1 |  137.0 |
          Lair |    401 |    401 |      0 |    155 |    132 |   1 |  401.0 |
        Bailey |   1059 |   1059 |      0 |    575 |    139 |   1 | 1059.0 |
               +--------+--------+--------+--------+--------+-----+--------+

Top non-repeatable levels by time:
     D:6: 1683 daAuts
     D:5: 1571 daAuts
     D:7: 1448 daAuts
     D:4: 1334 daAuts
    D:10: 1093 daAuts
  Bailey: 1059 daAuts
     D:9: 982 daAuts
    D:11: 947 daAuts
     D:8: 903 daAuts
     D:3: 841 daAuts
     D:2: 731 daAuts
     D:1: 669 daAuts
  Lair:1: 401 daAuts
  Temple: 137 daAuts
